 Dungeon Crawl Stone Soup version 0.28-a0-969-g2dcde036d2 (webtiles) character file.

Game seed: 9159921061318425378

3861 AvatarAndi78 the Basher (level 9, -10/81 HPs)
             Began as a Minotaur Berserker on Dec 1, 2021.
             Was a Priest of Trog.
             Mangled by an orc warrior (13 damage)
             ... in a bailey.
             The game lasted 00:15:35 (7076 turns).

AvatarAndi78 the Basher (Minotaur Berserker)        Turns: 7076, Time: 00:15:36

Health: -10/81     AC: 14    Str: 27      XL:     9   Next: 99%
Magic:  8/8        EV:  8    Int:  3 (4)  God:    Trog [***...]
Gold:   352        SH:  9    Dex:  9      Spells: 8/8 levels left

rFire   . . .      SeeInvis .   b - +8 eveningstar of Resourcefulness {spect, Stlth+}
rCold   . . .      Faith    .   u - +1 kite shield
rNeg    . . .      Spirit   .   t - +0 chain mail
rPois   .          Reflect  .   (helmet restricted)
rElec   .          Harm     .   k - +0 cloak
rCorr   .          Rampage  .   G - +0 pair of gloves
Will    +....                   y - +0 pair of boots
Stlth   ..........              (no amulet)
HPRegen 0.23/turn               f - ring of flight
MPRegen 0.11/turn               (no ring)

@: about to teleport, marked, on berserk cooldown, flying, slowed, very slow
A: horns 2, retaliatory headbutt, strong-willed 1, MP-powered wands
a: Renounce Religion, Berserk, Trog's Hand


You were in a bailey.
You worshipped Trog.
Trog was most pleased with you.
You visited 1 branch of the dungeon, and saw 7 of its levels.
You also visited: Bailey.

You collected 352 gold pieces.

Inventory:

Hand Weapons
 b - the +8 eveningstar of Resourcefulness (weapon) {spect, Stlth+}
   (You acquired it on level 6 of the Dungeon)

   When its wielder attacks, the weapon's spirit leaps out and strikes again.
   The spirit shares a part of any damage it takes with its wielder.
   Stlth:     It makes you more stealthy.
Missiles
 g - 28 boomerangs (quivered)
 r - 18 poisoned darts
Armour
 k - a +0 cloak (worn)
 t - a +0 chain mail (worn)
 u - a +1 kite shield (worn)
 y - a +0 pair of boots (worn)
 G - a +0 pair of gloves (worn)
Jewellery
 f - a ring of flight (left hand)
Wands
 q - a wand of charming (5)
 E - a wand of iceblast (8)
Scrolls
 a - a scroll of enchant armour
 d - 4 scrolls of teleportation
 B - a scroll of fog
Potions
 c - 2 potions of berserk rage
 e - 4 potions of curing
 z - a potion of resistance


   Skills:
 + Level 7.9 Fighting
 + Level 5.3(7.4) Axes
 + Level 8.0(8.7) Maces & Flails
 * Level 5.9 Throwing
 + Level 7.8 Armour
 + Level 4.4 Dodging
 + Level 1.6 Stealth
 + Level 5.4 Shields


You had 8 spell levels left.
You didn't know any spells.
Your spell library was empty.

Dungeon Overview and Level Annotations

Branches:
Dungeon (7/15)             Temple (0/1) D:5          Bailey (1/1)

Altars:
Yredelemnul

Shops:
D:1 ?   D:6 (


Innate Abilities, Weirdness & Mutations

You have a pair of horns on your head.
You reflexively headbutt those who attack you in melee.
You are strong-willed. (Will+)
You expend magic power (3 MP) to strengthen your wands.


Message History

* * * LOW HITPOINT WARNING * * *
The orc knight barely misses you.
You impale the orc knight!!
You kill the orc knight!
Trog accepts your kill.
The kobold throws a boomerang.
The boomerang closely misses you. The goblin hits you but does no damage.
You feel your intelligence returning.
Your Maces & Flails skill increases to level 8!
You closely miss the goblin. You headbutt the goblin.
You kill the goblin!
Trog accepts your kill.
The kobold throws a boomerang.
The boomerang hits you but does no damage.
The orc warrior hits you with a +0 war axe!
* * * LOW HITPOINT WARNING * * *
You barely miss the orc warrior. Your headbutt misses the orc warrior.
The orc warrior barely misses you. You furiously retaliate!
You headbutt the orc warrior, but do no damage.
You block the orc warrior's attack.
You hit the orc warrior.
The orc warrior is lightly wounded.
The orc warrior hits you but does no damage. x2
You closely miss the orc warrior.
The orc warrior is lightly wounded.
You block the orc warrior's attack. The orc warrior barely misses you.
You furiously retaliate!
You headbutt the orc warrior. You thump the orc warrior!
The orc warrior is severely wounded.
The orc warrior no longer looks unusually strong.
The orc warrior hits you with a +0 war axe!
* * * LOW HITPOINT WARNING * * *
The orc warrior hits you with a +0 war axe.
* * * LOW HITPOINT WARNING * * *
Okay, then.
Okay, then.
As you read the scroll of teleportation, it crumbles to dust.
You feel strangely unstable.
The orc warrior hits you with a +0 war axe!
You die...

#.############# ##.
..............#### #.. #
#..)........## ##.. ####.
##'#.........## ##... #..#..
#..#....⌠.....# #.... #..# ....
#.)###.......## ≈≈≈..
'..####g####..':#)....####
≈≈≈..###K..^..Ko@()..###).....#≈≈
≈≈≈≈≈††#K.####'####).#.†...≈≈≈≈≈≈
#≈≈≈≈≈≈####.....o.####))≈≈≈≈≈≈≈≈≈
####≈≈≈≈≈∩#....go.#∩≈≈≈≈≈≈≈....##
###≈≈≈≈#########≈≈≈≈≈......##
###≈≈≈≈≈≈≈≈≈≈≈≈≈≈.......##
###≈≈≈≈≈≈≈≈≈........###
##.............####
##..∩......####


You could see an orc warrior, a gnoll and a kobold.

Vanquished Creatures
  A two-headed ogre (D:6)
  3 orc knights (Bailey)
  A wyvern (D:5)
  3 water moccasins (D:6)
  An orc warrior (Bailey)
  A sky beast (D:3)
  A necrophage (D:6)
  2 ogres
  Blork the orc (D:6)
  A bullfrog (D:6)
  A scorpion (D:6)
  A wyvern zombie (D:5)
  3 wights
  A howler monkey (D:6)
  5 hounds
  An orc priest (D:4)
  A jelly (D:6)
  An iguana (D:5)
  3 orc wizards
  A killer bee zombie (D:7)
  2 hound skeletons
  A howler monkey zombie (D:6)
  11 gnolls
  3 adders
  2 white imps (D:5)
  2 ufetubi
  A dart slug (D:1)
  27 orcs
  6 endoplasms
  6 giant cockroaches
  15 goblins
  6 hobgoblins
  15 jackals
  21 kobolds
  3 quokkas
  6 ball pythons
  4 bats
  3 frilled lizards (D:1)
  4 rats
171 creatures vanquished.

Vanquished Creatures (others)
  6 withered plants (D:2)
6 creatures vanquished.

Grand Total: 177 creatures vanquished

Notes
Turn   | Place    | Note
-------+----------+-------------------------------------------
     0 | D:1      | AvatarAndi78 the Minotaur Berserker began the quest for the
                  | Orb.
     0 | D:1      | Reached XP level 1. HP: 19/19 MP: 0/0
   114 | D:1      | Found Zaodi's Magic Scroll Emporium.
   258 | D:1      | Reached XP level 2. HP: 25/27 MP: 1/1
  1116 | D:2      | Reached XP level 3. HP: 33/33 MP: 2/2
  1282 | D:2      | Reached ** piety under Trog
  1298 | D:2      | Reached XP level 4. HP: 40/41 MP: 3/3
  1302 | D:2      | Reached skill level 5 in Fighting
  1946 | D:2      | Found a faded altar of an unknown god.
  2425 | D:3      | Reached XP level 5. HP: 48/48 MP: 4/4
  2598 | D:3      | Noticed a sky beast
  2606 | D:3      | Killed a sky beast
  2607 | D:3      | Reached skill level 5 in Axes
  2607 | D:3      | Reached skill level 1 in Throwing
  2901 | D:3      | Reached skill level 1 in Maces & Flails
  3048 | D:4      | Reached XP level 6. HP: 40/57 MP: 5/5
  3820 | D:4      | Reached *** piety under Trog
  4016 | D:5      | Entered Level 5 of the Dungeon
  4021 | D:5      | Reached skill level 2 in Maces & Flails
  4139 | D:5      | Noticed a wyvern
  4147 | D:5      | Killed a wyvern
  4148 | D:5      | Reached skill level 3 in Maces & Flails
  4148 | D:5      | Reached skill level 1 in Shields
  4148 | D:5      | Reached XP level 7. HP: 44/63 MP: 6/6
  4513 | D:5      | Found a staircase to the Ecumenical Temple.
  5145 | D:6      | Reached skill level 4 in Maces & Flails
  5428 | D:6      | Reached skill level 5 in Armour
  5438 | D:6      | Reached XP level 8. HP: 43/71 MP: 7/7
  5936 | D:6      | Noticed a two-headed ogre
  5940 | D:6      | Reached skill level 5 in Maces & Flails
  5946 | D:6      | Killed a two-headed ogre
  5947 | D:6      | Reached XP level 9. HP: 29/78 MP: 8/8
  6253 | D:6      | Found a basalt altar of Yredelemnul.
  6283 | D:6      | Noticed Blork the orc
  6288 | D:6      | Killed Blork the orc
  6289 | D:6      | Reached skill level 6 in Maces & Flails
  6463 | D:6      | Found Juomur's Weapon Emporium.
  6643 | D:6      | Identified a scroll of acquirement
  6643 | D:6      | Acquired the +8 eveningstar of Resourcefulness {spect,
                  | Stlth+}
  6658 | D:6      | Gained mutation: Your spells are a little easier to cast,
                  | but a little less powerful. [potion of mutation]
  6658 | D:6      | Gained mutation: You have a pair of large horns on your
                  | head. [potion of mutation]
  6659 | D:6      | Lost mutation: Your spells are a little easier to cast, but
                  | a little less powerful. [potion of mutation]
  6659 | D:6      | Lost mutation: You have a pair of large horns on your head.
                  | [potion of mutation]
  6659 | D:6      | Gained mutation: You expend magic power (3 MP) to
                  | strengthen your wands. [potion of mutation]
  6659 | D:6      | Gained mutation: You are strong-willed. (Will+) [potion of
                  | mutation]
  6901 | D:7      | Found a flagged portal.
  6917 | Bailey   | Entered a bailey
  6925 | Bailey   | Noticed an orc knight
  6941 | Bailey   | Noticed an orc knight
  6974 | Bailey   | Reached skill level 5 in Throwing
  6985 | Bailey   | Reached skill level 1 in Stealth
  6985 | Bailey   | Noticed an orc knight
  6991 | Bailey   | Killed an orc knight
  6992 | Bailey   | Reached skill level 7 in Maces & Flails
  7055 | Bailey   | Killed an orc knight
  7056 | Bailey   | Reached skill level 5 in Shields
  7070 | Bailey   | Killed an orc knight
  7071 | Bailey   | Reached skill level 8 in Maces & Flails
  7075 | Bailey   | HP: 3/81 [orc warrior (3)]
  7076 | Bailey   | Mangled by an orc warrior

Illustrated notes

Levels and vault maps discovered:
D:1:      dpeg_arrival_tiny_f, layout_basic, serial_shops, shop,
          chequers_decorated_corner, minmay_pentomino_w4
D:2:      layout_basic, ebering_ecumenical_altar_petrified
D:3:      layout_loops_ring, grunt_decor_fettered
D:4:      layout_basic
D:5:      layout_rooms, minmay_temple_entry_mist, serial_rivers,
          chequers_serial_rivers_micro_a, chequers_serial_rivers_micro_a,
          chequers_serial_rivers_micro_c, chequers_serial_rivers_micro_e,
          chequers_serial_rivers_micro_c, hangedman_abyss_or_decor_lesser_grid
D:6:      minmay_chambers_of_sixes, layout_loops_ring,
          mainiacjoe_overflow_alcove_2, serial_shops,
          nicolae_shop_bloodbath_and_beyond, uniq_blork_the_orc
D:7:      layout_layer_cave, chequers_temple_overflow_minitemple,
          enter_bailey_3, uniq_joseph
Bailey:   bailey_axe_4, bailey

Skill      XL: |  1  2  3  4  5  6  7  8  9 |
---------------+----------------------------+-----
Axes           | 4 5 |  5.3
Fighting       | 4 5 6 7 |  7.9
Throwing       | 1 2 3 4 5 |  5.9
Armour         | 3 5 6 7 |  7.8
Dodging        | 3 4 |  4.4
Maces & Flails | 1 3 4 5 8 |  8.0
Shields        | 1 2 4 5 |  5.4
Stealth        | 1 |  1.6

Action                   |  1- 3 |  4- 6 |  7- 9 || total
-------------------------+-------+-------+-------++-------
Melee: Hand axe          |    62 |     5 |       ||    67
       Headbutt          |    11 |    22 |    33 ||    66
       Whip              |       |   136 |   167 ||   303
       Eveningstar       |       |       |    49 ||    49
Throw: Dart              |       |    11 |       ||    11
Invok: Berserk           |     2 |     2 |     3 ||     7
       Trog's Hand       |     1 |       |     2 ||     3
  Use: Scroll            |       |       |    13 ||    13
       Potion            |       |       |    11 ||    11
 Stab: Invisible         |       |       |     2 ||     2
Armor: Leather armour    |    21 |    19 |       ||    40
       Chain mail        |       |    23 |   111 ||   134
Dodge: Dodged            |    26 |    53 |    44 ||   123
Block: Kite shield       |       |    14 |    83 ||    97

Table legend: (Time is in decaauts)
 A = Elapsed time spent in this place.
 B = Non-inter-level travel time spent in this place.
 C = Inter-level travel time spent in this place.
 D = Time resting spent in this place.
 E = Time spent auto-exploring this place.
 F = Levels seen in this place.
 G = Mean time per level.
                   A        B        C        D        E       F      G
               +--------+--------+--------+--------+--------+-----+--------+
         Total |   7190 |   7036 |    154 |      0 |   5729 |   8 |  898.8 |
       Dungeon |   7017 |   6863 |    154 |      0 |   5723 |   7 | 1002.4 |
        Bailey |    172 |    172 |      0 |      0 |      6 |   1 |  172.0 |
               +--------+--------+--------+--------+--------+-----+--------+

Top non-repeatable levels by time:
     D:6: 1595 daAuts
     D:4: 1423 daAuts
     D:2: 1405 daAuts
     D:1: 897 daAuts
     D:5: 737 daAuts
     D:3: 674 daAuts
     D:7: 284 daAuts
  Bailey: 172 daAuts
